 Dungeon Crawl Stone Soup version 0.25.0-26-g0c896c7088 (webtiles) character file.

Game seed: 7564800514333436736

5366 MisterFreud the Martial Artist (level 10, -14/71 HPs)
             Began as a Demonspawn Abyssal Knight on July 5, 2020.
             Was an Elder of Lugonu.
             Demolished by a sun demon (19 damage)
             ... summoned by an obsidian statue
             ... on level 10 of the Dungeon.
             The game lasted 00:14:14 (8807 turns).

MisterFreud the Martial Artist (DsAK)               Turns: 8807, Time: 00:14:15

Health: -14/71     AC: 14    Str: 16    XL:     10   Next: 39%
Magic:  25/25      EV: 10    Int: 13    God:    Lugonu [****..]
Gold:   496        SH:  0    Dex: 13    Spells: 9/9 levels left

rFire    . . .     SeeInvis .     - Unarmed
rCold    . . .     Gourm    .   (no shield)
rNeg     . . .     Faith    .   h - +5 ring mail
rPois    +         Spirit   .   (helmet restricted)
rElec    .         Reflect  .   i - +0 cloak {Stlth+}
rCorr    .         Harm     .   K - +1 pair of gloves of Integrity {+Inv Str+3 Int-3}
MR       .....                  (no boots)
Stlth    +.........             s - amulet of regeneration (curse)
HPRegen  0.61/turn              F - ring of poison resistance
MPRegen  0.19/turn              E - ring of magical power

@: about to teleport, mesmerised
A: claws 1, horns 1, talons 2, frail 1, powered by pain 2
a: Depart the Abyss, Bend Space, Banish, Corrupt, Renounce Religion, Evoke
Invisibility


You were on level 10 of the Dungeon.
You worshipped Lugonu.
Lugonu was greatly pleased with you.
You were not hungry.

You visited 1 branch of the dungeon, and saw 10 of its levels.
You visited the Abyss 1 time.

You collected 496 gold pieces.

Inventory:

Missiles
 e - 4 javelins
 j - 7 boomerangs
 k - 7 silver boomerangs (quivered)
 w - 6 curare-tipped darts
 C - 6 atropa-tipped darts
 G - 12 poisoned darts
 O - a throwing net
Armour
 h - a +5 ring mail (worn)
 i - a +0 cloak of stealth (worn)
 K - the +1 pair of gloves of Integrity (worn) {+Inv Str+3 Int-3}
   (You found it on level 9 of the Dungeon)

   It affects your strength (+3).
   It affects your intelligence (-3).
   It lets you turn invisible.
 P - the +6 scale mail "Uteff" {rPois MR- Dex+2}
   (You found it on level 9 of the Dungeon)

   It affects your dexterity (+2).
   It protects you from poison.
   It affects your resistance to hostile enchantments.
Jewellery
 d - an uncursed ring of flight
 l - an uncursed ring of wizardry
 s - a cursed amulet of regeneration (around neck)
 E - a ring of magical power (right hand)
 F - a ring of poison resistance (left hand)
Wands
 v - a wand of random effects (25)
 y - a wand of iceblast (9)
 M - a wand of paralysis (19)
Scrolls
 f - 2 scrolls of enchant armour
 g - 5 scrolls of blinking
 n - 6 scrolls of identify
 o - 5 scrolls of teleportation
 p - 2 scrolls of remove curse
 A - 4 scrolls of enchant weapon
 H - a scroll of amnesia
 N - a scroll of silence {unknown}
Potions
 a - a potion of magic
 c - 3 potions of haste
 q - a potion of degeneration {unknown}
 r - a potion of brilliance
 t - 2 potions of heal wounds {unknown}
 u - a potion of invisibility {unknown}
 x - 3 potions of might {unknown}
 z - a potion of flight {unknown}
 B - a potion of cancellation {unknown}
 D - a potion of ambrosia
 I - 2 potions of mutation {unknown}
 J - a potion of stabbing {unknown}
Comestibles
 b - 23 rations
 L - 2 chunks of flesh


   Skills:
 + Level 7.2 Fighting
 * Level 5.5 Armour
 - Level 0.8 Dodging
 + Level 10.6 Unarmed Combat
 + Level 8.1 Invocations


You had 9 spell levels left.
You didn't know any spells.
Your spell library contained the following spells:

 Spells                   Type           Power        Failure   Level  Hunger
 Beastly Appendage        Tmut           #.....       50%         1    ##.....
 Magic Dart               Conj           #...         50%         1    ##.....
 Blink                    Tloc           N/A          63%         2    ###....
 Call Imp                 Summ           #.......     63%         2    ###....
 Slow                     Hex            #.......     63%         2    ###....
 Sticks to Snakes         Tmut           #.......     63%         2    ###....
 Conjure Flame            Conj/Fire      #.......     86%         3    ####...
 Mephitic Cloud           Conj/Pois/Air  #.......     86%         3    ####...
 Spider Form              Tmut/Pois      #.........   86%         3    ####...
 Ice Form                 Ice/Tmut       #.......     99%         4    #####..
 Blade Hands              Tmut           #.........   100%        5    ######.


Dungeon Overview and Level Annotations

Branches:
Dungeon (10/15)            Temple (0/1) D:5            Lair (0/6) D:9
    Orc: D:9-12

Altars:
Ashenzari
Cheibriados
Dithmenos
Fedhas
Gozag
Kikubaaqudgha
Ru
Sif Muna
Trog
Uskayaw
Vehumet
Xom
Yredelemnul

Annotations:
D:10 exclusion: obsidian statue


Innate Abilities, Weirdness & Mutations

You have sharp fingernails.
You have a pair of small horns on your head.
You have razor-sharp toenails.
You sometimes gain power by taking damage.
You are frail. (-10% HP)


Message History

The ufetubus hits you but does no damage.
The centaur hits you.
You punch the centaur! You claw the centaur.
You kill the centaur!
Lugonu accepts your kill. The ufetubus barely misses you.
The ufetubus closely misses you. The ufetubus barely misses you.
The ufetubus hits you but does no damage.
The sun demon hits you!!
You are engulfed in flames!
* * * LOW HITPOINT WARNING * * *
As you read the scroll of teleportation, it crumbles to dust.
You feel strangely unstable. The ufetubus hits you.
* * * LOW HITPOINT WARNING * * *
The ufetubus hits you but does no damage. x2
The ufetubus hits you.
* * * LOW HITPOINT WARNING * * *
The sun demon hits you!
* * * LOW HITPOINT WARNING * * *
You are engulfed in flames!!
You die...

#........$.
#..........
#..........
+.......$)?
#......?PPP
#......)P8P
#..5)..?PPP
#..@5.5.$|?
#...3...?..
#(......>..
#..........
#..........
###########


You could see an obsidian statue (mesmerising), a sun demon (summoned), an iron
imp (summoned) and 2 ufetubi.

Vanquished Creatures
  Pikel (D:8)
  An ugly thing (D:8)
  4 hippogriffs
  A yak (D:9)
  2 basilisks (D:9)
  2 soldier ants (D:9)
  A sky beast (D:6)
  3 slaves (D:8)
  A hornet zombie (D:7)
  3 ogres
  6 centaurs
  A phantom (D:4)
  3 bullfrogs
  2 scorpions (D:8)
  7 killer bees
  4 wights (D:8)
  A crimson imp (D:5)
  A bullfrog zombie (D:9)
  4 jellies
  8 hounds
  5 orc wizards
  2 orc priests
  Crazy Yiuf (D:5)
  2 centaur skeletons
  2 iguanas
  6 worker ants
  3 hound skeletons
  3 worker ant zombies
  3 gnolls (D:9)
  9 adders
  A howler monkey skeleton (D:2)
  2 shadow imps
  3 oozes
  An adder zombie (D:6)
  3 adder skeletons
  3 worms
  4 dart slugs
  2 leopard geckos
  18 orcs
  A ball python (D:2)
  3 giant cockroaches
  8 goblins
  8 hobgoblins
  2 jackals (D:8)
  A quokka (D:3)
  12 bats
  4 frilled lizards
  5 kobolds
  A leopard gecko skeleton (D:8)
  6 rats
180 creatures vanquished.

Vanquished Creatures (others)
  A hornet (D:7)
  3 killer bees
4 creatures vanquished.

Grand Total: 184 creatures vanquished

Notes
Turn   | Place    | Note
-------+----------+-------------------------------------------
     0 | Abyss:1  | MisterFreud the Demonspawn Abyssal Knight began the quest
                  | for the Orb.
     0 | Abyss:1  | Reached XP level 1. HP: 18/18 MP: 2/2
    83 | Abyss:1  | Found a shimmering blue altar of Sif Muna.
    86 | Abyss:1  | Found a corrupted altar of Lugonu.
   164 | Abyss:1  | Noticed a purple draconian
   165 | D:1      | Escaped the Abyss
   217 | D:1      | Reached * piety under Lugonu
   217 | D:1      | Reached skill level 2 in Unarmed Combat
   517 | D:1      | Gained mutation: You have sharp toenails. [demonic
                  | ancestry]
   517 | D:1      | Reached XP level 2. HP: 22/24 MP: 3/3
  1099 | D:1      | You fall into a shaft and drop 1 floor!
  1125 | D:2      | Reached skill level 3 in Unarmed Combat
  1193 | D:2      | Gained mutation: You have razor-sharp toenails. [demonic
                  | ancestry]
  1193 | D:2      | Reached XP level 3. HP: 29/29 MP: 4/4
  1922 | D:2      | Reached ** piety under Lugonu
  1960 | D:2      | Reached XP level 4. HP: 35/35 MP: 5/5
  1962 | D:2      | Reached skill level 4 in Unarmed Combat
  2695 | D:3      | Found a shadowy altar of Dithmenos.
  2818 | D:3      | Found a shimmering blue altar of Sif Muna.
  2824 | D:3      | Found a shattered altar of Ashenzari.
  3176 | D:4      | Noticed an ogre
  3255 | D:4      | Gained mutation: You sometimes gain a little power by
                  | taking damage. [demonic ancestry]
  3255 | D:4      | Reached XP level 5. HP: 34/41 MP: 6/6
  3369 | D:4      | Found a shimmering altar of Xom.
  3369 | D:4      | Found a radiant altar of Vehumet.
  3370 | D:4      | Found a hide-covered altar of Uskayaw.
  3419 | D:4      | Noticed a phantom
  3437 | D:4      | Killed a phantom
  3437 | D:4      | Reached skill level 5 in Unarmed Combat
  3711 | D:5      | Entered Level 5 of the Dungeon
  3715 | D:5      | Gained mutation: You have a pair of small horns on your
                  | head. [demonic ancestry]
  3715 | D:5      | Reached XP level 6. HP: 45/47 MP: 7/7
  3778 | D:5      | Reached skill level 6 in Unarmed Combat
  3855 | D:5      | Found a snail-covered altar of Cheibriados.
  4001 | D:5      | Found a runed translucent door.
  4002 | D:5      | Noticed Crazy Yiuf
  4268 | D:5      | Reached XP level 7. HP: 47/53 MP: 9/9
  4329 | D:5      | Found a staircase to the Ecumenical Temple.
  4653 | D:5      | Killed Crazy Yiuf
  4653 | D:5      | Reached *** piety under Lugonu
  4832 | D:6      | Found a blossoming altar of Fedhas.
  4834 | D:6      | Found an ancient bone altar of Kikubaaqudgha.
  4939 | D:6      | Reached skill level 5 in Invocations
  5059 | D:6      | Reached skill level 7 in Unarmed Combat
  5262 | D:7      | Gained mutation: You sometimes gain power by taking damage.
                  | [demonic ancestry]
  5262 | D:7      | Reached XP level 8. HP: 61/61 MP: 12/12
  5281 | D:7      | Reached skill level 5 in Fighting
  5858 | D:7      | Reached skill level 8 in Unarmed Combat
  6059 | D:7      | Reached skill level 9 in Unarmed Combat
  6202 | D:7      | Gained mutation: You have sharp fingernails. [demonic
                  | ancestry]
  6202 | D:7      | Reached XP level 9. HP: 69/69 MP: 13/13
  6210 | D:7      | Reached **** piety under Lugonu
  6465 | D:7      | Found a sacrificial altar of Ru.
  6786 | D:8      | Found a sacrificial altar of Ru.
  6863 | D:8      | Reached skill level 10 in Unarmed Combat
  7000 | D:8      | HP: 2/69 [killer bee (8)]
  7192 | D:8      | Noticed a purple ugly thing
  7201 | D:8      | Killed a purple ugly thing
  7248 | D:8      | Found a shadowy altar of Dithmenos.
  7368 | D:8      | Found a basalt altar of Yredelemnul.
  7368 | D:8      | Found a bloodstained altar of Trog.
  7393 | D:8      | Found an opulent altar of Gozag.
  7503 | D:8      | Noticed Pikel
  7529 | D:8      | Killed Pikel
  7705 | D:8      | Got a heavily runed leather armour
  7716 | D:8      | Identified the +2 leather armour "Achihoa" {*Contam rElec
                  | Str-5 Dex+8} (You found it on level 8 of the Dungeon)
  7724 | D:8      | Gained mutation: You are frail. (-10% HP) [mutagenic glow]
  7808 | D:9      | Reached XP level 10. HP: 69/69 MP: 15/15
  7840 | D:9      | Got a pair of bloodstained gloves
  7846 | D:9      | Identified the +1 pair of gloves of Integrity {+Inv Str+3
                  | Int-3} (You found it on level 9 of the Dungeon)
  7870 | D:9      | Found a staircase to the Lair.
  8387 | D:9      | Reached skill level 5 in Armour
  8710 | D:9      | Got a fading scale mail
  8721 | D:9      | Identified the +6 scale mail "Uteff" {rPois MR- Dex+2} (You
                  | found it on level 9 of the Dungeon)
  8798 | D:10     | Entered Level 10 of the Dungeon
  8798 | D:10     | Found the +6 arbalest "Damnation" {damnation}
  8798 | D:10     | Noticed an obsidian statue
  8802 | D:10     | Noticed a sun demon
  8807 | D:10     | Demolished by a sun demon

Illustrated notes

Levels and vault maps discovered:
D:1:      wander_arrival_peaceful_grave, layout_basic, minmay_crystal_water
D:2:      minmay_evil_eye, layout_basic
D:3:      layout_rooms, lemuel_crystal_altar, amethyst_overflow_temple_binary,
          first_ration
D:4:      layout_basic, gammafunk_temple_overflow_claw,
          minmay_fractal_squares_diagonal_5
D:5:      layout_basic, cheibriados_altar_1, minmay_temple_entry_stoned_glass,
          portal_sewer_entry_e, uniq_crazy_yiuf_cottage
D:6:      layout_basic, grunt_temple_overflow_growth_and_decay, serial_curves,
          eino_curves_04, eino_curves_04
D:7:      layout_basic, marbit_many_paths
D:8:      layout_gridville, gammafunk_temple_overflow_forgotten, basic_altar,
          grunt_dithmenos_smoke_and_mirrors, uniq_pikel
D:9:      layout_loops_ring, david_lair_generic, hangedman_pestilent_swarm
D:10:     layout_roguey [special_room_orc], minmay_protected_statue

Skill      XL: |  1  2  3  4  5  6  7  8  9 10 |
---------------+-------------------------------+-----
Unarmed Combat | 2 3 4 5 6 7 9 10 | 10.6
Invocations    | 3 5 6 7 8 |  8.1
Fighting       | 4 6 7 |  7.2
Armour         | 4 5 |  5.5
Dodging        | |  0.8

Action                   |  1- 3 |  4- 6 |  7- 9 | 10-12 || total
-------------------------+-------+-------+-------+-------++-------
Melee: Unarmed           |   139 |   151 |   361 |   112 ||   763
       Kick              |    16 |    37 |    77 |    27 ||   157
       Punch             |     2 |     5 |     9 |    11 ||    27
       Headbutt          |       |     3 |    59 |    21 ||    83
Throw: Boomerang         |       |     1 |     7 |       ||     8
Invok: Depart the Abyss  |     1 |       |       |       ||     1
       Banish            |       |       |     4 |       ||     4
Evoke: Wand              |       |       |     1 |       ||     1
  Use: Scroll            |       |     2 |     6 |     1 ||     9
       Potion            |       |       |     6 |       ||     6
 Stab: Sleeping          |     1 |       |       |       ||     1
       Distracted        |       |       |     1 |       ||     1
  Eat: Chunk             |     3 |     8 |    12 |     4 ||    27
Armor: Leather armour    |    10 |       |       |       ||    10
       Ring mail         |    36 |    48 |   206 |    71 ||   361
Dodge: Dodged            |    69 |    76 |   233 |    52 ||   430
